| TOP OF THE 1ST |
|
Fresno State University Bulldogs batting - Pitching for University of South Carolina Gamecocks : RHP Chris Kenny
|
|
Pitching: RHP Chris Kenny
|
|
|
Batting: RHB Sinfronio Carreon
|
0-0: Ball 1-0: Swinging Strike 1-1: Bunt for hit to 25 - play at first, batter OUT! 5-3
|
|
Batting: RHB Sandy Munoz
|
0-0: Ball 1-0: Ball 2-0: Called Strike 2-1: SOLO HOME RUN (Flyball, 7D, EV 108.8 MPH), Distance : 395 ft
|
|
Batting: SHB Carlton Stannard
|
0-0: Called Strike 0-1: Ball 1-1: Ball 2-1: SOLO HOME RUN (Flyball, 9LD, EV 95.0 MPH), Distance : 368 ft
|
|
Batting: RHB Danilo Baldia
|
0-0: Foul Ball, location: 2F 0-1: Fly out, F7 (Line Drive, 7, EV 95.6 MPH)
|
|
Batting: LHB Ollie Strauss
|
0-0: Ball 1-0: Ball 2-0: Called Strike 2-1: Foul Ball, location: 2F 2-2: Foul Ball, location: 2F 2-2: Fly out, F8 (Flyball, 89D, EV 96.2 MPH)
|
| Top of the 1st over - 2 runs, 2 hits, 0 errors, 0 left on base; Fresno State University 2 - University of South Carolina 0 |
| BOTTOM OF THE 1ST |
|
University of South Carolina Gamecocks batting - Pitching for Fresno State University Bulldogs : RHP Melvin Palacios
|
|
Pitching: RHP Melvin Palacios
|
|
|
Batting: LHB Jörg Young
|
0-0: Called Strike 0-1: Foul Ball, location: 2F 0-2: Strikes out looking
|
|
Batting: RHB Brian Passalacqua
|
0-0: Swinging Strike 0-1: Called Strike 0-2: Ball 1-2: SINGLE (Groundball, 56D, EV 97.5 MPH)
|
|
Batting: SHB Keith Mihas
|
0-0: Ball 1-0: Foul Ball, location: 2F 1-1: Ball 2-1: SINGLE (Groundball, 56D, EV 105.0 MPH) Brian Passalacqua to second
|
|
Batting: LHB Chris McNay
|
0-0: Ball 1-0: Ball 2-0: Foul Ball, location: 2F 2-1: Fielders Choice at 2nd, 6-4 (Groundball, 6M, EV 82.5 MPH) Brian Passalacqua to third
|
|
Batting: RHB Lance Neldon
|
0-0: Fly out, F9 (Flyball, 9LD, EV 98.1 MPH)
|
| Bottom of the 1st over - 0 runs, 2 hits, 0 errors, 2 left on base; Fresno State University 2 - University of South Carolina 0 |
| TOP OF THE 2ND |
|
Fresno State University Bulldogs batting - Pitching for University of South Carolina Gamecocks : RHP Chris Kenny
|
|
Batting: RHB Tony Nowak
|
0-0: Foul Ball, location: 2F 0-1: Swinging Strike 0-2: Foul Ball, location: 2F 0-2: Strikes out looking
|
|
Batting: LHB Moktar Ame
|
0-0: Ball 1-0: Ball 2-0: Ball 3-0: Called Strike 3-1: Foul Ball, location: 2F 3-2: Foul Ball, location: 2F 3-2: Base on Balls
|
|
Batting: RHB Ryan Roberts
|
0-0: Ball 1-0: Called Strike 1-1: Foul Ball, location: 2F 1-2: Fly out, F9 (Flyball, 9, EV 96.9 MPH)
|
|
Batting: RHB Greg Meyer
|
0-0: Called Strike 0-1: Ball 1-1: Foul Ball, location: 2F 1-2: Foul Ball, location: 2F 1-2: Ball 2-2: SINGLE (Groundball, 34S, EV 71.2 MPH) (infield hit) Moktar Ame to second
|
|
Batting: RHB Sinfronio Carreon
|
0-0: Ball 1-0: Fly out, F9 (Flyball, 89S, EV 95.6 MPH)
|
| Top of the 2nd over - 0 runs, 1 hit, 0 errors, 2 left on base; Fresno State University 2 - University of South Carolina 0 |
| BOTTOM OF THE 2ND |
|
University of South Carolina Gamecocks batting - Pitching for Fresno State University Bulldogs : RHP Melvin Palacios
|
|
Batting: LHB Bert Webster
|
0-0: Swinging Strike 0-1: Foul Ball, location: 2F 0-2: Strikes out looking
|
|
Batting: RHB Justin Kurutz
|
0-0: Swinging Strike 0-1: Foul Ball, location: 2F 0-2: Ball 1-2: Reached on error, E9 (Flyball, 89M, EV 97.5 MPH)
|
|
Batting: LHB Corey Lomas
|
0-0: Ball Justin Kurutz steals 2nd base 1-0: Ground out 6-3 (Groundball, 56D, EV 78.1 MPH)
|
|
Batting: RHB Josh Shirkey
|
0-0: Ground out 3-1 (Groundball, 34, EV 84.4 MPH)
|
| Bottom of the 2nd over - 0 runs, 0 hits, 1 error, 1 left on base; Fresno State University 2 - University of South Carolina 0 |
| TOP OF THE 3RD |
|
Fresno State University Bulldogs batting - Pitching for University of South Carolina Gamecocks : RHP Chris Kenny
|
|
Batting: RHB Sandy Munoz
|
0-0: Called Strike 0-1: Ball 1-1: Ball 2-1: Foul Ball, location: 2F 2-2: Ground out 6-3 (Groundball, 6S, EV 91.9 MPH)
|
|
Batting: SHB Carlton Stannard
|
0-0: Ball 1-0: Foul Ball, location: 2F 1-1: Fly out, F7 (Flyball, 7, EV 95.6 MPH)
|
|
Batting: RHB Danilo Baldia
|
0-0: SINGLE (Groundball, 4M, EV 108.8 MPH) (infield hit)
|
|
Batting: LHB Ollie Strauss
|
0-0: Fly out, F9 (Flyball, 9D, EV 91.2 MPH)
|
| Top of the 3rd over - 0 runs, 1 hit, 0 errors, 1 left on base; Fresno State University 2 - University of South Carolina 0 |
| BOTTOM OF THE 3RD |
|
University of South Carolina Gamecocks batting - Pitching for Fresno State University Bulldogs : RHP Melvin Palacios
|
|
Batting: LHB Jörg Young
|
0-0: Ball 1-0: Called Strike 1-1: Ground out 4-3 (Groundball, 4, EV 91.9 MPH)
|
|
Batting: RHB Brian Passalacqua
|
0-0: Foul Ball, location: 2F 0-1: Ball 1-1: Ball 2-1: Foul Ball, location: 2F 2-2: Ground out 6-3 (Groundball, 6M, EV 104.4 MPH)
|
|
Batting: SHB Keith Mihas
|
0-0: Called Strike 0-1: SINGLE (Groundball, 6MD, EV 100.6 MPH) (infield hit)
|
|
Batting: LHB Chris McNay
|
0-0: Called Strike 0-1: Ball 1-1: Swinging Strike 1-2: SINGLE (Flyball, 56D, EV 87.5 MPH) Keith Mihas to second
|
|
Batting: RHB Lance Neldon
|
0-0: Foul Ball, location: 2F 0-1: Foul Ball, location: 2F 0-2: Ball 1-2: Strikes out swinging
|
| Bottom of the 3rd over - 0 runs, 2 hits, 0 errors, 2 left on base; Fresno State University 2 - University of South Carolina 0 |
| TOP OF THE 4TH |
|
Fresno State University Bulldogs batting - Pitching for University of South Carolina Gamecocks : RHP Chris Kenny
|
|
Batting: RHB Tony Nowak
|
0-0: Ball 1-0: Called Strike 1-1: Ball 2-1: SOLO HOME RUN (Flyball, 78XD, EV 108.1 MPH), Distance : 421 ft
|
|
Batting: LHB Moktar Ame
|
0-0: Ball 1-0: Ball 2-0: Called Strike 2-1: Fly out, F8 (Line Drive, 8LM, EV 102.5 MPH)
|
|
Batting: RHB Ryan Roberts
|
0-0: Ground out 5-3 (Groundball, 56, EV 83.1 MPH)
|
|
Batting: RHB Greg Meyer
|
0-0: Ball 1-0: Called Strike 1-1: Ground out 6-3 (Groundball, 6, EV 88.8 MPH)
|
| Top of the 4th over - 1 run, 1 hit, 0 errors, 0 left on base; Fresno State University 3 - University of South Carolina 0 |
| BOTTOM OF THE 4TH |
|
University of South Carolina Gamecocks batting - Pitching for Fresno State University Bulldogs : RHP Melvin Palacios
|
|
Batting: LHB Bert Webster
|
0-0: Called Strike 0-1: SINGLE (Groundball, 4D, EV 106.9 MPH)
|
|
Batting: RHB Justin Kurutz
|
0-0: Foul Ball, location: 2F 0-1: Ball 1-1: Swinging Strike 1-2: Strikes out looking
|
|
Batting: LHB Corey Lomas
|
0-0: Called Strike 0-1: Ball 1-1: Ball 2-1: Foul Ball, location: 2F 2-2: Grounds into double play, U3-6 (Groundball, 3L, EV 91.9 MPH)
|
| Bottom of the 4th over - 0 runs, 1 hit, 0 errors, 0 left on base; Fresno State University 3 - University of South Carolina 0 |
| TOP OF THE 5TH |
|
Fresno State University Bulldogs batting - Pitching for University of South Carolina Gamecocks : RHP Chris Kenny
|
|
Batting: RHB Sinfronio Carreon
|
0-0: Ball 1-0: DOUBLE (Groundball, 5L, EV 102.5 MPH)
|
|
Batting: RHB Sandy Munoz
|
0-0: Ball 1-0: Ball 2-0: Fly out, F7 (Line Drive, 78M, EV 93.1 MPH)
|
|
Batting: SHB Carlton Stannard
|
0-0: Ball 1-0: Called Strike 1-1: Swinging Strike 1-2: Ball 2-2: Foul Ball, location: 2F 2-2: DOUBLE (Line Drive, 9LS, EV 108.8 MPH) Sinfronio Carreon scores
|
|
Batting: RHB Danilo Baldia
|
0-0: Fly out, F8 (Flyball, 8RM, EV 83.8 MPH)
|
|
Batting: LHB Ollie Strauss
|
0-0: Called Strike 0-1: Ball Wild Pitch! Carlton Stannard to third 1-1: Ball 2-1: Foul Ball, location: 2F 2-2: Strikes out swinging
|
| Top of the 5th over - 1 run, 2 hits, 0 errors, 1 left on base; Fresno State University 4 - University of South Carolina 0 |
| BOTTOM OF THE 5TH |
|
University of South Carolina Gamecocks batting - Pitching for Fresno State University Bulldogs : RHP Melvin Palacios
|
|
Batting: RHB Josh Shirkey
|
0-0: Called Strike 0-1: Ball 1-1: Ball 2-1: SINGLE (Line Drive, 4D, EV 95.6 MPH)
|
|
Batting: LHB Jörg Young
|
0-0: Called Strike Josh Shirkey steals 2nd base 0-1: 2-RUN HOME RUN (Line Drive, 8LXD, EV 115.6 MPH), Distance : 463 ft
|
|
Batting: RHB Brian Passalacqua
|
0-0: Fly out, F7 (Flyball, 7LD, EV 90.6 MPH)
|
|
Batting: SHB Keith Mihas
|
0-0: Fly out, F8 (Flyball, 8LM, EV 80.0 MPH)
|
|
Batting: LHB Chris McNay
|
0-0: Ball 1-0: Ball 2-0: Ground out 6-3 (Groundball, 56, EV 88.1 MPH)
|
| Bottom of the 5th over - 2 runs, 2 hits, 0 errors, 0 left on base; Fresno State University 4 - University of South Carolina 2 |
| TOP OF THE 6TH |
|
Fresno State University Bulldogs batting - Pitching for University of South Carolina Gamecocks : RHP Chris Kenny
|
|
Batting: RHB Tony Nowak
|
0-0: Ball 1-0: Called Strike 1-1: Ground out 6-3 (Groundball, 6, EV 110.0 MPH)
|
|
Batting: LHB Moktar Ame
|
0-0: Called Strike 0-1: Foul Ball, location: 2F 0-2: Fly out, F9 (Flyball, 89M, EV 76.9 MPH)
|
|
Batting: RHB Ryan Roberts
|
0-0: Foul Ball, location: 2F 0-1: SINGLE (Groundball, 56D, EV 102.5 MPH)
|
|
Pitching: LHP David Saltzman
|
|
|
Batting: RHB Greg Meyer
|
0-0: Ball 1-0: Ball 2-0: Ball 3-0: Base on Balls Ryan Roberts to second
|
|
Batting: RHB Sinfronio Carreon
|
0-0: Foul Ball, location: 2F 0-1: Foul Ball, location: 2F 0-2: Ball 1-2: Strikes out swinging
|
| Top of the 6th over - 0 runs, 1 hit, 0 errors, 2 left on base; Fresno State University 4 - University of South Carolina 2 |
| BOTTOM OF THE 6TH |
|
University of South Carolina Gamecocks batting - Pitching for Fresno State University Bulldogs : RHP Melvin Palacios
|
|
Batting: RHB Lance Neldon
|
0-0: Ball 1-0: Ball 2-0: SINGLE (Flyball, 4MD, EV 86.2 MPH)
|
|
Batting: LHB Bert Webster
|
0-0: Ball 1-0: Foul Ball, location: 2F 1-1: Ball 2-1: Called Strike 2-2: Ball 3-2: Foul Ball, location: 2F 3-2: DOUBLE (Flyball, 8RXD, EV 107.5 MPH) Lance Neldon to third
|
|
Batting: RHB Justin Kurutz
|
0-0: Foul Ball, location: 2F 0-1: Ground out 5-3 (Groundball, 5, EV 90.6 MPH)
|
|
Batting: LHB Corey Lomas
|
0-0: Ground out 4-3 (Groundball, 34, EV 83.8 MPH) Lance Neldon scores Bert Webster to third
|
|
Batting: RHB Josh Shirkey
|
0-0: Ball 1-0: Ball 2-0: Fly out, F9 (Flyball, 9, EV 80.6 MPH)
|
| Bottom of the 6th over - 1 run, 2 hits, 0 errors, 1 left on base; Fresno State University 4 - University of South Carolina 3 |
| TOP OF THE 7TH |
|
Fresno State University Bulldogs batting - Pitching for University of South Carolina Gamecocks : LHP David Saltzman
|
|
Batting: RHB Sandy Munoz
|
0-0: Swinging Strike 0-1: Ball 1-1: Foul Ball, location: 2F 1-2: Ball 2-2: Foul Ball, location: 2F 2-2: Foul Ball, location: 2F 2-2: Strikes out swinging
|
|
Batting: SHB Carlton Stannard
|
0-0: Ball 1-0: Ball 2-0: Ball 3-0: Swinging Strike 3-1: Base on Balls
|
|
Batting: RHB Danilo Baldia
|
0-0: Foul Ball, location: 2F 0-1: Foul Ball, location: 2F 0-2: Grounds into double play, 6-4-3 (Groundball, 6, EV 90.6 MPH)
|
| Top of the 7th over - 0 runs, 0 hits, 0 errors, 0 left on base; Fresno State University 4 - University of South Carolina 3 |
| BOTTOM OF THE 7TH |
|
University of South Carolina Gamecocks batting - Pitching for Fresno State University Bulldogs : RHP Melvin Palacios
|
|
Batting: LHB Jörg Young
|
0-0: Ball 1-0: Ball 2-0: Ball 3-0: Called Strike 3-1: Foul Ball, location: 2F 3-2: Foul Ball, location: 2F 3-2: Ground out 5-3 (Groundball, 5L, EV 104.4 MPH)
|
|
Pitching: RHP Joey Black
|
|
|
Batting: RHB Brian Passalacqua
|
0-0: Ball 1-0: Ball 2-0: Ground out 5-3 (Groundball, 5L, EV 107.5 MPH)
|
|
Batting: SHB Keith Mihas
|
0-0: Ball 1-0: Swinging Strike 1-1: Called Strike 1-2: Ball 2-2: Strikes out looking
|
| Bottom of the 7th over - 0 runs, 0 hits, 0 errors, 0 left on base; Fresno State University 4 - University of South Carolina 3 |
| TOP OF THE 8TH |
|
Fresno State University Bulldogs batting - Pitching for University of South Carolina Gamecocks : LHP David Saltzman
|
|
Pitching: RHP Bob Conway
|
|
|
Batting: LHB Ollie Strauss
|
0-0: Swinging Strike 0-1: Fly out, F8 (Flyball, 8LM, EV 80.6 MPH)
|
|
Batting: RHB Tony Nowak
|
0-0: Foul Ball, location: 2F 0-1: Ball 1-1: Ground out 5-3 (Groundball, 56, EV 88.8 MPH)
|
|
Batting: LHB Moktar Ame
|
0-0: Ball 1-0: Called Strike 1-1: Ball 2-1: Fly out, F9 (Line Drive, 9, EV 98.8 MPH)
|
| Top of the 8th over - 0 runs, 0 hits, 0 errors, 0 left on base; Fresno State University 4 - University of South Carolina 3 |
| BOTTOM OF THE 8TH |
|
University of South Carolina Gamecocks batting - Pitching for Fresno State University Bulldogs : RHP Joey Black
|
|
Batting: LHB Chris McNay
|
0-0: Foul Ball, location: 2F 0-1: Foul Ball, location: 2F 0-2: Strikes out swinging
|
|
Batting: RHB Lance Neldon
|
0-0: Ball 1-0: Ball 2-0: Foul Ball, location: 2F 2-1: Foul Ball, location: 2F 2-2: Foul Ball, location: 2F 2-2: Strikes out swinging
|
|
Batting: LHB Bert Webster
|
0-0: Foul Ball, location: 2F 0-1: Ball 1-1: Swinging Strike 1-2: Ball 2-2: Foul Ball, location: 2F 2-2: Ball 3-2: SINGLE (Line Drive, 7LS, EV 104.4 MPH)
|
|
Pitching: RHP Alex Gutierrez
|
|
|
Batting: RHB Justin Kurutz
|
0-0: Called Strike 0-1: Fly out, F3 (Popup, 34S, EV 70.0 MPH)
|
| Bottom of the 8th over - 0 runs, 1 hit, 0 errors, 1 left on base; Fresno State University 4 - University of South Carolina 3 |
| TOP OF THE 9TH |
|
Fresno State University Bulldogs batting - Pitching for University of South Carolina Gamecocks : RHP Bob Conway
|
|
Pinch Hitting: LHB Brad Benanti
|
0-0: Foul Ball, location: 2F 0-1: Fly out, F7 (Flyball, 7LS, EV 85.0 MPH)
|
|
Batting: RHB Greg Meyer
|
0-0: Ball 1-0: Called Strike 1-1: Ball 2-1: Ball 3-1: Fly out, F4 (Popup, 34, EV 60.6 MPH)
|
|
Batting: RHB Sinfronio Carreon
|
0-0: Ball 1-0: Ball 2-0: Ball 3-0: Foul Ball, location: 2F 3-1: Base on Balls
|
|
Batting: RHB Sandy Munoz
|
0-0: Called Strike 0-1: Swinging Strike 0-2: Ball 1-2: Ball Sinfronio Carreon is caught stealing 2nd base 2-4
|
| Top of the 9th over - 0 runs, 0 hits, 0 errors, 0 left on base; Fresno State University 4 - University of South Carolina 3 |
| BOTTOM OF THE 9TH |
|
University of South Carolina Gamecocks batting - Pitching for Fresno State University Bulldogs : RHP Alex Gutierrez
|
|
Pitching: RHP Milojica Mrdja
|
|
|
Now at C: Charles Shaw
|
|
|
Batting: LHB Corey Lomas
|
0-0: Foul Ball, location: 2F 0-1: Ball 1-1: Swinging Strike 1-2: Strikes out swinging
|
|
Pinch Hitting: RHB Steve Gibson
|
0-0: Called Strike 0-1: Ball 1-1: Swinging Strike 1-2: Strikes out looking
|
|
Batting: LHB Jörg Young
|
0-0: Ball 1-0: Ball 2-0: Ball 3-0: Base on Balls
|
|
Batting: RHB Brian Passalacqua
|
0-0: Ball 1-0: Foul Ball, location: 2F 1-1: Ball 2-1: Ground out U3 (Groundball, 3S, EV 82.5 MPH)
|
| Bottom of the 9th over - 0 runs, 0 hits, 0 errors, 1 left on base; Fresno State University 4 - University of South Carolina 3 |
|